 Dungeon Crawl Stone Soup version 0.31-a0-833-gc15d34cb79 (webtiles) character file.

Game seed: 9959997207930961959

5 Maratek the Trooper (level 1, -1/18 HPs)
             Began as a Demonspawn Fighter on Sept 25, 2023.
             Frozen to death by an endoplasm (5 damage)
             ... on level 1 of the Dungeon.
             The game lasted 00:00:08 (101 turns).

Maratek the Trooper (Demonspawn Fighter)             Turns: 101, Time: 00:00:09

Health: -1/18      AC:  6    Str: 16    XL:     1   Next: 66%
Magic:  1/1        EV:  8    Int:  9    God:
Gold:   14         SH:  4    Dex: 12    Spells: 0/0 levels left

rFire   . . .        a - +0 trident
rCold   . . .        c - +0 buckler
rNeg    . . .        b - +0 scale mail
rPois   .            (no helmet)
rElec   .            (no cloak)
rCorr   .            (no gloves)
SInv    .            (no boots)
Will    .....        (no amulet) Stlth
                     (no ring)
HPRegen 0.23/turn    (no ring)
MPRegen 0.07/turn

%: no passive effects
@: no status effects
A: no striking features
a: no special abilities


You were on level 1 of the Dungeon.
You visited 1 branch of the dungeon, and saw 1 of its levels.

You collected 14 gold pieces.

Inventory:

Hand Weapons
 a - a +0 trident (weapon)
Armour
 b - a +0 scale mail (worn)
 c - a +0 buckler (worn)
Scrolls
 e - a scroll of amnesia {unknown}
Potions
 d - a potion of might


   Skills:
 + Level 3.1 Fighting
 + Level 1.8 Polearms
 + Level 2.8 Armour
 + Level 2.8 Shields


You couldn't memorise any spells.
You didn't know any spells.
Your spell library was empty.

Dungeon Overview and Level Annotations

Branches:
Dungeon (1/15)

Altars:


Message History

The endoplasm quivers.
You miss the bat. The bat barely misses you.
You miss the bat. The bat hits you but does no damage.
The goblin barely misses you. You block the goblin's attack.
You hit the bat.
The bat is severely wounded.
You block the bat's attack. The bat barely misses you.
The goblin hits you but does no damage.
The goblin hits you with a +2 dagger of speed.
You hit the endoplasm.
The endoplasm is moderately wounded.
The bat hits you. The goblin hits you but does no damage.
The endoplasm hits you. The bat hits you but does no damage.
The goblin hits you with a +2 dagger of speed.
You hit the bat.
You kill the bat!
The goblin hits you but does no damage.
The endoplasm hits you but does no damage.
The goblin closely misses you.
You barely miss the endoplasm.
The endoplasm is moderately wounded.
The endoplasm hits you. The goblin closely misses you.
You barely miss the endoplasm.
The endoplasm is moderately wounded.
The goblin hits you but does no damage. You block the endoplasm's attack.
You block the goblin's attack. You block the endoplasm's attack.
You barely miss the endoplasm.
The endoplasm is moderately wounded.
The goblin hits you with a +2 dagger of speed.
The goblin barely misses you. The endoplasm freezes you.
You are frozen.
* * * LOW HITPOINT WARNING * * *
You hit the endoplasm.
The endoplasm is heavily wounded.
The goblin hits you with a +2 dagger of speed.
* * * LOW HITPOINT WARNING * * *
The endoplasm freezes you.
You are frozen.
You die...

#.#####..#
########....##..#
#...........##..#
####.####.(######..##
..................##
##..#..#.#.####.###
##..........#.##.# #
...##....##.#.#.#.##.# #
.......@......#.#.##.###
..###.Jg................
#....#.#.#..########
#....#..............
.....#.#.#...#######
##......#.##........#
...... . ##....###..
###............#)...#
###.......#.+


You could see an endoplasm and a goblin.

Vanquished Creatures
  A dart slug (D:1)
  A kobold (D:1)
  A bat (D:1)
  A rat (D:1)
4 creatures vanquished.

Notes
Turn   | Place    | Note
-------+----------+-------------------------------------------
     0 | D:1      | Maratek the Demonspawn Fighter began the quest for the Orb.
     0 | D:1      | Reached XP level 1. HP: 18/18 MP: 1/1
   101 | D:1      | Frozen to death by an endoplasm

Illustrated notes

Levels and vault maps discovered:
D:1:      dpeg_arrival_erosion, layout_basic, grunt_decor_mini_mirrors,
          st_stairs_5

Action                     || total
---------------------------++-------
  Melee: Trident           ||    16
 Armour: Scale mail        ||    15
  Dodge: Dodged            ||     8
  Block: Buckler           ||     5

Table legend: (Time is in decaauts)
 A = Elapsed time spent in this place.
 B = Non-inter-level travel time spent in this place.
 C = Inter-level travel time spent in this place.
 D = Time resting spent in this place.
 E = Time spent auto-exploring this place.
 F = Levels seen in this place.
 G = Mean time per level.
                   A        B        C        D        E       F      G
               +--------+--------+--------+--------+--------+-----+--------+
         Total |    104 |    104 |      0 |      0 |     71 |   1 |  104.0 |
       Dungeon |    104 |    104 |      0 |      0 |     71 |   1 |  104.0 |
               +--------+--------+--------+--------+--------+-----+--------+

Top non-repeatable levels by time:
     D:1: 104 daAuts
